 Dungeon Crawl Stone Soup version 0.31-a0-854-g362426d53f (webtiles) character file.

Game seed: 8632893200869875755

24419 mortress the Eye of the Storm (level 12, -4/97 HPs)
             Began as a Demonspawn Necromancer on Oct 8, 2023.
             Was a Priest of Qazlal.
             Slain by a two-headed ogre
             ... wielding a +2 dire flail of protection
              (7 damage)
             ... while paralysed by an ogre mage
             ... on level 2 of the Orcish Mines.
             The game lasted 00:36:21 (10460 turns).

mortress the Eye of the Storm (DsNe)               Turns: 10460, Time: 00:36:21

Health: -4/97      AC: 37    Str: 10    XL:     12   Next: 80%
Magic:  9/20       EV:  2    Int: 17    God:    Qazlal [***...]
Gold:   626        SH:  0    Dex: 19    Spells: 18/19 levels left

rFire   . . .        B - +6 mace of Paper {flame, rElec Dex+2}
rCold   . . .        (no shield)
rNeg    . . .        v - +18 Lear's hauberk
rPois   +            (helmet currently unavailable)
rElec   +            (no cloak)
rCorr   .            (gloves currently unavailable)
SInv    .            (boots currently unavailable)
Will    .....        (no amulet) Stlth
                     i - +4 ring of protection
HPRegen 0.36/turn    (no ring)
MPRegen 0.17/turn

%: no passive effects
@: paralysed
A: slimy green scales 3, demonic guardian 2, spiny 1, demonic touch 1
a: Renounce Religion, Upheaval, Elemental Force


You were on level 2 of the Orcish Mines.
You worshipped Qazlal.
Qazlal was most pleased with you.
You visited 3 branches of the dungeon, and saw 13 of its levels.
You also visited: Bailey.

You collected 976 gold pieces.
You spent 350 gold pieces at shops.

Inventory:

Hand Weapons
 B - the +6 mace of Paper (weapon) {flame, rElec Dex+2}
   (You found it on level 4 of the Dungeon)

   Dex+2:     It affects your dexterity (+2).
   rElec:     It insulates you from electricity.
Missiles
 l - 33 poisoned darts
 u - 2 silver javelins
Armour
 q - a +0 helmet
 v - the +18 Lear's hauberk (worn)
   (You found it on level 3 of the Dungeon)
Jewellery
 i - a +4 ring of protection (left hand)
 M - a ring of ice
Wands
 a - a wand of flame (32)
 n - a wand of charming (16)
 o - a wand of roots (15)
 p - a wand of mindburst (12)
 F - a wand of light (7)
Scrolls
 c - 9 scrolls of teleportation
 e - 2 scrolls of fog {unknown}
 f - a scroll of identify
 g - 2 scrolls of immolation
 h - 4 scrolls of enchant weapon
 m - a scroll of vulnerability {unknown}
 t - a scroll of amnesia {unknown}
 x - 3 scrolls of blinking
 y - 2 scrolls of torment {unknown}
 z - a scroll of brand weapon {unknown}
 A - a scroll of noise {unknown}
 D - a scroll of enchant armour {unknown}
 J - 3 scrolls of poison
 K - 3 scrolls of fear {unknown}
 L - 2 scrolls of revelation
Potions
 b - a potion of magic
 d - 4 potions of invisibility
 j - 5 potions of might
 k - a potion of cancellation {unknown}
 r - 3 potions of haste
 s - a potion of brilliance {unknown}
 w - 3 potions of heal wounds
 C - 4 potions of mutation
 E - a potion of curing {unknown}
 G - a potion of enlightenment {unknown}
 H - 2 potions of berserk rage
 I - 2 potions of attraction


   Skills:
 + Level 10.1 Fighting
 + Level 8.8 Maces & Flails
 + Level 8.8 Armour
 + Level 7.6 Dodging
 - Level 4.0 Stealth
 - Level 4.4 Spellcasting
 - Level 6.5 Necromancy
 + Level 11.8 Invocations


You had 18 spell levels left.
You knew the following spells:

 Your Spells              Type           Power      Damage    Failure   Level
a - Necrotise             Necr           100%       1d9       24%         1

Your spell library contained the following spells:

 Spells                   Type           Power      Damage    Failure   Level
 Vampiric Draining        Necr           26%        2d7       56%         3
 Animate Dead             Necr           26%        N/A       93%         4
 Sandblast                Erth           6%         2d5       98%         1
 Slow                     Hex            12%        N/A       98%         1
 Lesser Beckoning         Tloc           6%         N/A       99%         2
 Passwall                 Tmut/Erth      2%         N/A       99%         2
 Confusing Touch          Hex            3%         N/A       100%        3
 Gell's Gravitas          Tloc           3%         N/A       100%        3
 Sigil of Binding         Hex            3%         N/A       100%        3
 Stone Arrow              Conj/Erth      6%         3d7       100%        3
 Teleport Other           Tloc           3%         N/A       100%        3
 Brom's Barrelling Bould  Conj/Erth      3%         2d3       100%        4
 Passage of Golubria      Tloc           3%         N/A       100%        4
 Agony                    Necr           26%        N/A       100%        5
 Silence                  Hex/Air        1%         N/A       100%        5
 Lehudib's Crystal Spear  Conj/Erth      1%         10d2      100%        8


Dungeon Overview and Level Annotations

Branches:
Dungeon (10/15)            Temple (1/1) D:5            Lair (0/5) D:8
    Orc (2/2) D:9             Elf (0/3) Orc:2        Bailey (visited)

Altars:
Ashenzari
Cheibriados
Dithmenos
Fedhas
Gozag
Hepliaklqana
Kikubaaqudgha
Makhleb
Okawaru
Qazlal
Ru
Sif Muna
Trog
Uskayaw
Vehumet
Wu Jian
Yredelemnul

Shops:
D:7 *[?(   Orc:2 *

Annotations:
D:3 2 runed translucent doors
D:7 1 runed translucent door, Saladfork's ghost, novice MeFi


Innate Abilities, Weirdness & Mutations

You are completely covered in slimy green scales. (AC +4, rPois)
A demonic guardian rushes to your aid.
You are partially covered in sharp spines.
Your touch may inflict minor irresistible damage on your foes.


Message History

You hit the ogre mage. You burn the ogre mage.
The ogre mage is almost dead.
You feel sick.
You hear a shout! x2
The ogre mage casts a spell at you.
You suddenly lose the ability to move!
Something hits you. The ogre is struck by your spines.
The ogre hits you but does no damage. x2
The two-headed ogre hits you with a +2 dire flail of protection!
* * * LOW HITPOINT WARNING * * *
A demonic guardian appears!
The two-headed ogre hits you with a +0 giant spiked club!
* * * LOW HITPOINT WARNING * * *
An ogre comes into view. It is wielding a +0 giant club.
The ogre mage points at you and mumbles some strange words.
You shrug off the repeated paralysis!
The ogre barely misses you.
You feel sick.
You hear a shout! x2
Something hits you but does no damage. The ogre hits you but does no damage.
The ogre mage hits you but does no damage.
The ogre is struck by your spines. The ogre hits you but does no damage.
An ogre comes into view. It is wielding a +0 giant club.
The two-headed ogre hits you but does no damage. x2
An ogre comes into view. It is wielding a +0 giant club.
The ogre is engulfed in freezing vapours.
The ogre hits you but does no damage.
You feel sick.
You are no longer poisoned.
Something hits you!
* * * LOW HITPOINT WARNING * * *
The ogre is struck by your spines. The ogre hits you but does no damage.
The ogre mage hits you but does no damage.
The ogre hits you but does no damage.
An ogre comes into view. It is wielding a +0 giant spiked club.
The ogre is engulfed in freezing vapours.
The ogre hits you but does no damage.
Your hellwing hits the ogre.
Your hellwing hits the ogre but does no damage.
Something hits you but does no damage.
The two-headed ogre is engulfed in blazing flames.
The two-headed ogre hits you with a +2 dire flail of protection!
You die...

.......$........
#..O...............
#.O.O.#............
#..)O...........PP...
.....O...#......P∩...
.....O.≈≈≈........P..
.......O)...)).......
........OO)...)......
........O@O<..)......
....$...4O°))).......
$.........)))).....#
...........)))))....#
......#....))........
......#..............
#...................#
.....#...............
.................#..#


You could see 2 two-headed ogres, an ogre mage (fast), 9 ogres and a friendly
hellwing (summoned).

Vanquished Creatures
  Gastronok (D:10)
  An orc warlord (Orc:2)
  An ogre mage (Orc:2)
  4 two-headed ogres
  Pikel (D:4)
  2 orc knights
  A gargoyle (D:9)
  3 trolls (D:10)
  Grinder (D:5)
  A hornet (D:8)
  6 spriggans (Bailey)
  A wraith (D:9)
  2 wyverns
  2 shadows
  25 yaks
  Grum (D:8)
  2 steam dragons
  Menkaure (D:5)
  3 wargs (Orc:2)
  4 water moccasins
  Pargi (D:3)
  Duvessa (D:7)
  8 orc warriors
  2 black bears (D:8)
  2 ice beasts (D:6)
  16 ogres
  3 centaurs
  4 wolves (D:8)
  A phantom (D:6)
  3 kobold brigands
  5 bullfrogs
  2 gnoll sergeants
  5 scorpions
  16 wights
  Dowan (D:7)
  9 killer bees
  4 howler monkeys
  A lava snake (D:10)
  2 hounds (D:5)
  2 jellies
  6 orc priests
  Crazy Yiuf (D:4)
  4 sleepcaps
  Jessica (D:2)
  An iguana (D:5)
  7 orc wizards
  Terence (D:3)
  Natasha (thrice) (D:4)
  Ijyb (D:3)
  Robin (D:4)
  13 gnolls
  10 adders
  2 ufetubi (D:5)
  2 worms (D:2)
  32 orcs
  3 endoplasms
  4 giant cockroaches
  5 hobgoblins
  23 kobolds
  3 quokkas
  5 ball pythons
  6 bats
  2 frilled lizards
  15 goblins
  5 rats
307 creatures vanquished.

Vanquished Creatures (collateral kills)
  3 two-headed ogres (Orc:2)
  An orc sorcerer (Orc:2)
  A troll (Orc:2)
  Sigmund (D:2)
  A shadow (D:6)
  A water moccasin (D:8)
  A warg (Orc:2)
  5 orc warriors
  3 ogres (Orc:2)
  A bullfrog (D:6)
  3 orc priests
  An iguana (D:6)
  3 orc wizards (Orc:2)
  An adder (D:6)
  11 orcs
  An endoplasm (D:2)
  A kobold (D:1)
  A frilled lizard (D:2)
40 creatures vanquished.

Vanquished Creatures (others)
  2 adders (D:6)
2 creatures vanquished.

Grand Total: 349 creatures vanquished

Notes
Turn   | Place    | Note
-------+----------+-------------------------------------------
     0 | D:1      | mortress the Demonspawn Necromancer began the quest for the
                  | Orb.
     0 | D:1      | Reached XP level 1. HP: 13/13 MP: 3/3
   773 | D:2      | Gained mutation: A weak demonic guardian rushes to your
                  | aid. [demonic ancestry]
   773 | D:2      | Reached XP level 2. HP: 4/20 MP: 0/5
   991 | D:2      | Gained mutation: A demonic guardian rushes to your aid.
                  | [demonic ancestry]
   991 | D:2      | Reached XP level 3. HP: 10/25 MP: 0/6
  1157 | D:2      | Found a burning altar of Makhleb.
  1162 | D:2      | Reached skill level 1 in Fighting
  1457 | D:2      | Noticed Sigmund
  1471 | D:2      | Killed Sigmund
  1472 | D:2      | Reached skill level 5 in Necromancy
  1472 | D:2      | Gained mutation: You are partially covered in slimy green
                  | scales. (AC +2) [demonic ancestry]
  1472 | D:2      | Reached XP level 4. HP: 26/33 MP: 4/8
  1472 | D:2      | Gained mutation: You are partially covered in sharp spines.
                  | [demonic ancestry]
  1472 | D:2      | Reached XP level 5. HP: 31/38 MP: 4/9
  1711 | D:2      | Noticed Jessica
  1714 | D:2      | Killed Jessica
  2172 | D:3      | Noticed Terence
  2183 | D:3      | Killed Terence
  2184 | D:3      | Gained mutation: Your touch may inflict minor irresistible
                  | damage on your foes. [demonic ancestry]
  2184 | D:3      | Reached XP level 6. HP: 32/46 MP: 10/10
  2282 | D:3      | Found a large runed translucent door.
  2282 | D:3      | Found a large runed translucent door.
  2325 | D:3      | Noticed Ijyb
  2332 | D:3      | Killed Ijyb
  2558 | D:3      | Noticed Pargi
  2573 | D:3      | Killed Pargi
  2574 | D:3      | Gained mutation: You are mostly covered in slimy green
                  | scales. (AC +3) [demonic ancestry]
  2574 | D:3      | Reached XP level 7. HP: 51/51 MP: 10/12
  2673 | D:3      | Found the +18 Lear's hauberk
  2979 | D:4      | Noticed Robin
  2992 | D:4      | Killed Robin
  3189 | D:4      | Noticed Pikel
  3201 | D:4      | Killed Pikel
  3202 | D:4      | Reached skill level 1 in Maces & Flails
  3202 | D:4      | Reached skill level 1 in Armour
  3202 | D:4      | Gained mutation: You are completely covered in slimy green
                  | scales. (AC +4, rPois) [demonic ancestry]
  3202 | D:4      | Reached XP level 8. HP: 56/59 MP: 12/14
  3340 | D:4      | Found a runed translucent door.
  3341 | D:4      | Noticed Crazy Yiuf
  3423 | D:4      | Noticed Natasha
  3425 | D:4      | Killed Natasha
  3459 | D:4      | Noticed Natasha
  3462 | D:4      | Identified the +6 mace of Paper {flame, rElec Dex+2}
  3466 | D:4      | Killed Natasha
  3540 | D:4      | Noticed Natasha
  3546 | D:4      | Killed Natasha
  3984 | D:4      | Killed Crazy Yiuf
  4036 | D:5      | Entered Level 5 of the Dungeon
  4068 | D:5      | Found a staircase to the Ecumenical Temple.
  4076 | Temple   | Entered the Ecumenical Temple
  4101 | Temple   | Became a worshipper of Qazlal Stormbringer
  4260 | D:5      | Reached skill level 1 in Invocations
  4355 | D:5      | Found a basalt altar of Yredelemnul.
  4357 | D:5      | Noticed Menkaure
  4363 | D:5      | Killed Menkaure
  4364 | D:5      | Reached skill level 2 in Invocations
  4864 | D:5      | Noticed Grinder
  4875 | D:5      | Killed Grinder
  4878 | D:5      | Reached skill level 3 in Invocations
  4952 | D:5      | Reached XP level 9. HP: 67/67 MP: 15/15
  4990 | D:6      | Found an ancient bone altar of Kikubaaqudgha.
  5070 | D:6      | Reached * piety under Qazlal
  5071 | D:6      | Reached skill level 5 in Fighting
  5166 | D:6      | Reached skill level 4 in Invocations
  5189 | D:6      | Reached skill level 5 in Dodging
  5367 | D:6      | Reached skill level 5 in Invocations
  5909 | D:7      | Reached ** piety under Qazlal
  5972 | D:7      | Found a runed translucent door.
  6041 | D:7      | Noticed Saladfork's ghost (novice MeFi)
  6041 | D:7      | Noticed a manticore
  6067 | D:7      | Found Afijua Axumm's Weapon Shoppe.
  6096 | D:7      | Noticed Dowan
  6099 | D:7      | Noticed Duvessa
  6102 | D:7      | Killed Dowan
  6112 | D:7      | Killed Duvessa
  6154 | D:7      | Found Koryor's Antique Armour Emporium.
  6161 | D:7      | Found Niukodd's Magic Scroll Shoppe.
  6174 | D:7      | Bought a scroll of identify for 24 gold pieces
  6174 | D:7      | Bought a scroll of identify for 24 gold pieces
  6174 | D:7      | Bought a scroll of blinking for 90 gold pieces
  6174 | D:7      | Bought a scroll of revelation for 90 gold pieces
  6174 | D:7      | Bought a scroll of poison for 48 gold pieces
  6174 | D:7      | Bought a scroll of poison for 48 gold pieces
  6237 | D:7      | Reached XP level 10. HP: 76/76 MP: 16/16
  6430 | D:7      | Found Lefuyvaf's General Store.
  6435 | D:7      | Bought a scroll of identify for 26 gold pieces
  6544 | D:8      | Found an ornate altar of the Wu Jian Council.
  6574 | D:8      | Reached skill level 6 in Invocations
  6575 | D:8      | Reached skill level 5 in Armour
  6581 | D:8      | Reached skill level 5 in Maces & Flails
  6595 | D:8      | Reached skill level 7 in Invocations
  6619 | D:8      | Found a staircase to the Lair.
  7302 | D:8      | Noticed Grum
  7325 | D:8      | Killed Grum
  7572 | D:9      | Reached skill level 8 in Invocations
  7652 | D:9      | Reached *** piety under Qazlal
  7663 | D:9      | Reached XP level 11. HP: 82/84 MP: 17/17
  7700 | D:9      | Found a staircase to the Orcish Mines.
  8418 | D:10     | Entered Level 10 of the Dungeon
  8420 | D:10     | Found a flagged portal.
  8430 | D:10     | Reached skill level 9 in Invocations
  8431 | Bailey   | Entered a bailey
  8461 | Bailey   | Reached **** piety under Qazlal
  8555 | Bailey   | Noticed a two-headed ogre
  8570 | Bailey   | Killed a two-headed ogre
  8621 | Bailey   | Identified the +1 flail "Likh" {speed, Dex+4}
  8621 | Bailey   | Identified the +3 steam dragon scales of the Good {rPois
                  | Str+4 Dex-2}
  8822 | D:10     | Reached skill level 10 in Invocations
  9167 | D:10     | Noticed a two-headed ogre
  9206 | D:10     | Killed a two-headed ogre
  9235 | D:10     | Noticed Gastronok
  9254 | D:10     | Killed Gastronok
  9255 | D:10     | Reached XP level 12. HP: 78/95 MP: 16/19
  9345 | D:10     | Noticed a two-headed ogre
  9352 | D:10     | Killed a two-headed ogre
 10034 | Orc:1    | Entered Level 1 of the Orcish Mines
 10046 | Orc:1    | Noticed a two-headed ogre
 10055 | Orc:1    | Killed a two-headed ogre
 10270 | Orc:2    | Entered Level 2 of the Orcish Mines
 10270 | Orc:2    | Found Setri's Assorted Antiques.
 10274 | Orc:2    | Noticed an orc warlord
 10282 | Orc:2    | Reached skill level 11 in Invocations
 10292 | Orc:2    | Killed an orc warlord
 10430 | Orc:2    | Noticed a two-headed ogre
 10432 | Orc:2    | Noticed a two-headed ogre
 10433 | Orc:2    | Found a staircase to the Elven Halls.
 10436 | Orc:2    | Noticed a two-headed ogre
 10438 | Orc:2    | Noticed an ogre mage
 10440 | Orc:2    | Killed a two-headed ogre
 10441 | Orc:2    | Noticed a two-headed ogre
 10442 | Orc:2    | Killed a two-headed ogre
 10442 | Orc:2    | Noticed an ogre mage
 10443 | Orc:2    | Noticed an ogre mage
 10445 | Orc:2    | Killed a two-headed ogre
 10446 | Orc:2    | Reached skill level 10 in Fighting
 10452 | Orc:2    | Noticed an ogre mage
 10455 | Orc:2    | Killed an ogre mage
 10456 | Orc:2    | Noticed a two-headed ogre
 10457 | Orc:2    | Paralysed by an ogre mage for 5 turns
 10459 | Orc:2    | HP: 3/97 [something (10)]
 10460 | Orc:2    | Slain by a two-headed ogre

Illustrated notes

Levels and vault maps discovered:
D:1:      dpeg_arrival_more_subterranean_lakeside_camping, layout_basic
D:2:      layout_loops_ring, basic_altar, minmay_quadrilaterals, uniq_jessica,
          uniq_sigmund
D:3:      layout_basic, jmf_multi_god_temple2, uniq_ijyb, uniq_pargi,
          uniq_terence
D:4:      layout_loops_corners, uniq_robin, uniq_pikel, uniq_crazy_yiuf_cottage,
          uniq_natasha
D:5:      layout_loops_corners, good_gods_temple_1,
          mainiacjoe_overflow_six_doors_small, minmay_temple_entry_waves,
          uniq_menkaure, uniq_grinder
D:6:      minmay_opposing_rooms, layout_basic, marbit_many_paths,
          wad_floor_pattern_1
D:7:      layout_cave_pools, ebering_ghost_inner_flame, serial_shops,
          nicolae_shop_hallway_plus, nicolae_square_shop, nicolae_stop_n_shop_1,
          shop, uniq_duvessa
D:8:      layout_basic, mainiacjoe_overflow_cross_hatched,
          due_lair_maze_entry_diamond, minivault_23, serial_bayou_crossing,
          uniq_grum
D:9:      layout_gridville, erik_orc_4, nrook_uturn
D:10:     layout_loops_ring, enter_bailey_1, kennysheep_opposing_triangles,
          uniq_gastronok
Temple:   dpeg_chambers_temple
Orc:1:    layout_diamond_mine, uniq_erolcha
Orc:2:    st_orc_ogre_mass, layout_caves, serial_shops,
          nicolae_shop_overgrown_old_shop, nicolae_orc_jurassic_orc,
          mines_bat_river

Skill      XL: |  1  2  3  4  5  6  7  8  9 10 11 12 |
---------------+-------------------------------------+-----
Dodging        | 2 3 4 5 6 7 |  7.6
Stealth        | 2 3 4 |  4.0
Fighting       | 2 3 4 6 7 9 10 | 10.1
Spellcasting   | 3 4 |  4.4
Necromancy     | 5 6 |  6.5
Maces & Flails | 1 3 4 6 7 8 |  8.8
Armour         | 1 3 4 6 7 8 |  8.8
Invocations    | 3 5 8 10 11 | 11.8

Action                     |  1- 3 |  4- 6 |  7- 9 | 10-12 || total
---------------------------+-------+-------+-------+-------++-------
  Melee: Dagger            |    51 |       |       |       ||    51
         Unarmed           |     3 |       |       |       ||     3
         Halberd           |       |    17 |    21 |       ||    38
         Club              |       |       |    30 |       ||    30
         Touch             |       |       |    35 |    72 ||   107
         Mace              |       |       |   146 |   354 ||   500
         Punch             |       |       |     1 |     6 ||     7
   Cast: Necrotise         |    45 |    32 |     3 |       ||    80
 Invoke: Upheaval          |       |       |     1 |     8 ||     9
         Elemental Force   |       |       |       |     4 ||     4
  Evoke: Wand              |       |       |     5 |     7 ||    12
    Use: Potion            |     1 |       |       |     1 ||     2
         Scroll            |       |       |       |     8 ||     8
   Stab: Distracted        |       |       |       |     1 ||     1
         Paralysed         |       |       |       |     2 ||     2
 Armour: Robe              |    40 |    17 |       |       ||    57
         Chain mail        |       |       |   228 |   451 ||   679
  Dodge: Dodged            |    51 |    15 |    65 |   164 ||   295
         Repelled          |       |       |       |     1 ||     1
  Block: Other             |       |       |     5 |    82 ||    87

Table legend: (Time is in decaauts)
 A = Elapsed time spent in this place.
 B = Non-inter-level travel time spent in this place.
 C = Inter-level travel time spent in this place.
 D = Time resting spent in this place.
 E = Time spent auto-exploring this place.
 F = Levels seen in this place.
 G = Mean time per level.
                   A        B        C        D        E       F      G
               +--------+--------+--------+--------+--------+-----+--------+
         Total |  10565 |  10232 |    333 |    174 |   8027 |  14 |  754.6 |
       Dungeon |   9782 |   9482 |    300 |    174 |   7536 |  10 |  978.2 |
        Temple |     33 |     33 |      0 |      0 |      0 |   1 |   33.0 |
  Orcish Mines |    425 |    393 |     32 |      0 |    298 |   2 |  212.5 |
        Bailey |    324 |    324 |      0 |      0 |    192 |   1 |  324.0 |
               +--------+--------+--------+--------+--------+-----+--------+

Top non-repeatable levels by time:
     D:2: 1365 daAuts
    D:10: 1291 daAuts
     D:4: 1089 daAuts
     D:8: 1065 daAuts
     D:5: 907 daAuts
     D:6: 890 daAuts
     D:9: 881 daAuts
     D:3: 867 daAuts
     D:1: 748 daAuts
     D:7: 672 daAuts
  Bailey: 324 daAuts
   Orc:1: 235 daAuts
   Orc:2: 189 daAuts
  Temple: 33 daAuts
